 Dungeon Crawl Stone Soup version 0.17.1-3-g152610e (webtiles) character file.

1215 nikopol the Skirmisher (level 8, -3/73 HPs)
             Began as a Minotaur Berserker on Apr 18, 2016.
             Was an Elder of Trog.
             Slain by an orc warrior
             ... wielding a +0 glaive
              (15 damage)
             ... on level 6 of the Dungeon.
             The game lasted 00:10:44 (5030 turns).

nikopol the Skirmisher (Minotaur Berserker)         Turns: 5030, Time: 00:10:45

Health: -3/73      AC:  6    Str: 22    XL:     8   Next: 22%
Magic:  7/7        EV: 12    Int:  4    God:    Trog [****..]
Gold:   343        SH:  0    Dex: 12    Spells: 0 memorised, 7 levels left

rFire  . . .     SeeInvis .     v - +0 trident
rCold  . . .     Clarity  .     x - +0 ring mail
rNeg   . . .     SustAt   .     (no shield)
rPois  .         Gourm    .     (helmet restricted)
rElec  .         Spirit   .     (no cloak)
rCorr  .         Warding  .     (no gloves)
rMut   .         Stasis   .     (no boots)
MR     .....                    (no amulet)
Stlth  +.........               (no ring)
                                (no ring)

@: not resistant to hostile enchantments, very unstealthy
A: retaliatory headbutt, horns 2
a: Berserk, Trog's Hand, Brothers in Arms, Burn Spellbooks, Renounce Religion


You were on level 6 of the Dungeon.
You worshipped Trog.
Trog was greatly pleased with you.
You were very hungry.

You visited 1 branch of the dungeon, and saw 6 of its levels.

You collected 343 gold pieces.

Inventory:

Hand Weapons
 a - a +0 spear
 v - a +0 trident (weapon)
Missiles
 e - 2 javelins (quivered)
Armour
 b - a +0 animal skin
 x - a +0 ring mail (worn)
Jewellery
 d - an uncursed ring of ice {unknown}
 A - an uncursed ring of see invisible {unknown}
 D - a +2 ring of evasion {unknown}
 H - an uncursed amulet of rage {unknown}
Wands
 y - a wand of random effects (20)
Scrolls
 f - 2 scrolls of fog {unknown}
 g - 2 scrolls of amnesia {unknown}
 k - 8 scrolls of identify {unknown}
 m - 4 scrolls of remove curse {unknown}
 n - 2 scrolls of enchant weapon {unknown}
 o - a scroll of magic mapping {unknown}
 p - 3 scrolls of fear {unknown}
 r - 3 scrolls of enchant armour {unknown}
 t - 2 scrolls of teleportation {unknown}
 w - a scroll of noise {unknown}
 B - 3 scrolls of blinking {unknown}
 E - a scroll of silence {unknown}
Potions
 h - 2 potions of curing {unknown}
 i - a potion of mutation {unknown}
 l - 2 potions of might {unknown}
 s - a potion of flight {unknown}
 z - 2 potions of poison {unknown}
 C - a potion of heal wounds {unknown}
 F - a potion of brilliance {unknown}
 G - a potion of degeneration {unknown}
 I - a potion of cure mutation {unknown}
Comestibles
 c - 4 bread rations
 j - 2 beef jerkies
 q - a slice of pizza
 u - a meat ration


   Skills:
 * Level 7.0 Fighting
 * Level 6.9 Polearms
 + Level 2.7 Throwing
 * Level 6.7 Armour
 + Level 4.1 Dodging


You had 7 spell levels left.
You didn't know any spells.

Dungeon Overview and Level Annotations

Branches:
Dungeon (6/15)             Temple (0/1) D:5

Altars:
Qazlal
Trog
Vehumet


Innate Abilities, Weirdness & Mutations

You reflexively headbutt those who attack you in melee.
You have a pair of horns on your head.


Message History

You hit the orc wizard.
You kill the orc wizard!
Trog accepts your kill.
Trog appreciates your killing of a magic user.
Attack whom?
Press: ? - help, Dir - move target cursor, f - orc warrior
Aim: an orc warrior, wielding a glaive and wearing a runed chain mail You reach to attack!
You hit the orc warrior.
The orc warrior is lightly wounded.
The orc warrior hits you from afar with a glaive!
* * * LOW HITPOINT WARNING * * *
You are too injured to fight recklessly!
You are too injured to fight recklessly!
Attack whom?
Press: ? - help, Dir - move target cursor, f/p - orc warrior
Aim: an orc warrior, wielding a glaive and wearing a runed chain mail (lightly wounded)
You reach to attack!
You puncture the orc warrior!
The orc warrior is heavily wounded.
The orc warrior hits you from afar with a glaive!
You die...

........
#######. #.# ##
#.# .# #.#
#######. #o#
........ #o#
.####### #o# .#
#)# .# ####@#
.# #....# .#
#.#### .## #.#
..# #.#
..###########.#
#.............#
###############
#


You could see an orc warrior and 2 orcs.

Vanquished Creatures
  Eustachio (D:4)
  A phantom (D:5)
  An ice beast (D:5)
  An ogre (D:4)
  A giant frog (D:6)
  Blork the orc (D:4)
  3 killer bees (D:6)
  A hound (D:4)
  4 orc wizards
  A crimson imp (D:5)
  2 orc priests
  A jelly (D:6)
  2 giant frog skeletons (D:4)
  A worker ant (D:4)
  2 iguanas
  2 adders
  2 oozes
  2 worms (D:4)
  An adder skeleton (D:4)
  4 giant geckos
  14 orcs
  4 bats
  7 giant cockroaches
  5 hobgoblins
  10 jackals
  4 quokkas
  A ball python (D:1)
  6 giant newts
  9 goblins
  A jackal skeleton (D:6)
  A jackal zombie (D:6)
  7 kobolds
  A quokka skeleton (D:4)
  9 rats
113 creatures vanquished.

Notes
Turn   | Place    | Note
--------------------------------------------------------------
     0 | D:1      | nikopol the Minotaur Berserker began the quest for the Orb.
     0 | D:1      | Reached XP level 1. HP: 19/19 MP: 0/0
   212 | D:1      | Reached XP level 2. HP: 27/27 MP: 1/1
   426 | D:1      | Reached ** piety under Trog
   670 | D:2      | Reached XP level 3. HP: 25/33 MP: 2/2
   671 | D:2      | Reached skill level 4 in Fighting
  1199 | D:2      | Found a bloodstained altar of Trog.
  1373 | D:3      | Reached *** piety under Trog
  1373 | D:3      | Reached skill level 1 in Throwing
  1373 | D:3      | Reached XP level 4. HP: 11/41 MP: 3/3
  2090 | D:3      | Reached XP level 5. HP: 16/47 MP: 4/4
  2667 | D:4      | Noticed Blork the orc
  2677 | D:4      | Killed Blork the orc
  2677 | D:4      | Reached skill level 5 in Fighting
  2678 | D:4      | Reached skill level 5 in Polearms
  2792 | D:4      | Reached XP level 6. HP: 40/56 MP: 5/5
  3074 | D:4      | Noticed an ogre
  3080 | D:4      | Killed an ogre
  3080 | D:4      | Reached skill level 5 in Armour
  3363 | D:4      | Found a stormy altar of Qazlal.
  3921 | D:4      | Reached XP level 7. HP: 61/61 MP: 6/6
  4012 | D:4      | Noticed Eustachio
  4022 | D:4      | Killed Eustachio
  4022 | D:4      | Reached skill level 6 in Polearms
  4107 | D:5      | Entered Level 5 of the Dungeon
  4108 | D:5      | Found a staircase to the Ecumenical Temple.
  4385 | D:5      | Found a radiant altar of Vehumet.
  4493 | D:5      | Reached **** piety under Trog
  4722 | D:6      | Reached XP level 8. HP: 45/71 MP: 7/7
  5021 | D:6      | Reached skill level 7 in Fighting
  5030 | D:6      | Slain by an orc warrior

Action                   |  1- 3 |  4- 6 |  7- 9 || total
-------------------------+-------+-------+-------++-------
Melee: Spear             |   115 |       |       ||   115
       Trident           |    11 |   119 |    76 ||   206
Throw: Javelin           |     2 |     2 |     4 ||     8
Invok: Berserk           |     1 |     1 |     2 ||     4
 Stab: Sleeping          |     2 |     1 |       ||     3
  Eat: Chunk             |     1 |    10 |     5 ||    16
